 Dungeon Crawl Stone Soup version 0.32-a0-886-g41c5271027 (webtiles) character file.

Game seed: 5658095615356396902

19464 redmage the Blocker (level 12, 0/107 (113) HPs)
             Began as a Minotaur Fighter on Apr 2, 2024.
             Was a Follower of Beogh.
             Succumbed to barbed spike wounds
             ... on level 2 of the Orcish Mines on Apr 3, 2024.
             The game lasted 00:45:30 (14814 turns).

redmage the Blocker (Minotaur Fighter)             Turns: 14814, Time: 00:45:30

HP:   0/107 (113)   AC:  5    Str: 23    XL:     12   Next: 36%
MP:   11/11         EV:  7    Int: 11    God:    Beogh [*.....]
Gold: 973           SH:  6    Dex:  6    Spells: 11/11 levels left

rFire   + . .        a - +0 war axe
rCold   . . .        c - +0 buckler
rNeg    . . .        B - +4 chain mail {rF+}
rPois   .            (helmet restricted)
rElec   .            u - +1 cloak
rCorr   .            P - +5 pair of gloves of Diogh {Will+ Int+4 Dex-5}
SInv    .            D - +0 pair of boots
Will    +....        y - amulet of regeneration Stlth
                     (no ring)
HPRegen 1.17/turn    (no ring)
MPRegen 0.12/turn

%: no passive effects
@: spiked, corroded, drained
A: horns 2, retaliatory headbutt, iridescent scales 1, subdued magic 1,
MP-powered wands
a: Renounce Religion


You were on level 2 of the Orcish Mines.
You worshipped Beogh.
Beogh was aware of your devotion.
You visited 3 branches of the dungeon, and saw 14 of its levels.

You collected 1513 gold pieces.
You spent 540 gold pieces at shops.

Inventory:

Hand Weapons
 a - a +0 war axe (weapon)
 f - a +2 rapier of protection
 z - a +0 great mace of protection
 K - a +2 trident of draining
 S - a +2 scimitar of flaming
 T - the +9 dagger of Soeton {speed, *Rage Dex+7}
   (You found it on level 9 of the Dungeon)

   Dex+7:     It affects your dexterity (+7).
   *Rage:     It berserks you when you make melee attacks (+20% chance).
Missiles
 q - 11 boomerangs
 v - 3 curare-tipped darts (quivered)
 N - a throwing net
Armour
 c - a +0 buckler (worn)
 l - a +0 helmet
 u - a +1 cloak (worn)
 B - a +4 chain mail of fire resistance (worn)
 C - a +1 ring mail of cold resistance
 D - a +0 pair of boots (worn)
 P - the +5 pair of gloves of Diogh (worn) {Will+ Int+4 Dex-5}
   (You found it on level 8 of the Dungeon)

   Int+4:     It affects your intelligence (+4).
   Dex-5:     It affects your dexterity (-5).
   Will+:     It increases your willpower.
Magical Staves
 J - a staff of alchemy
Jewellery
 r - a ring of wizardry
 y - an amulet of regeneration (around neck)
 A - a +6 ring of intelligence
 L - a ring of ice
Talismans
 n - a granite talisman
Wands
 t - a wand of polymorph (10)
 I - a wand of charming (9)
 R - a wand of roots (7)
Scrolls
 h - a scroll of blinking
 j - a scroll of poison
 k - 2 scrolls of teleportation
 p - a scroll of butterflies
 s - a scroll of revelation
 x - 3 scrolls of fog
 G - a scroll of brand weapon
 H - 2 scrolls of enchant armour
 M - a scroll of fear
 Q - a scroll of vulnerability
Potions
 b - a potion of attraction
 d - 5 potions of might
 e - 4 potions of mutation
 i - 2 potions of curing
 m - 2 potions of resistance
 o - 3 potions of brilliance
 w - a potion of haste
 O - a potion of cancellation


   Skills:
 + Level 12.6 Fighting
 - Level 6.1 Long Blades
 * Level 11.7 Axes
 + Level 12.7 Armour
 + Level 12.7 Shields


You had 11 spell levels left.
You didn't know any spells.
Your spell library contained the following spells:

 Spells                   Type           Power      Damage    Failure   Level
 Magic Dart               Conj           0%         1d3       82%         1
 Slow                     Hex            0%         N/A       82%         1
 Blink                    Tloc           0%         N/A       92%         2
 Call Imp                 Summ           0%         N/A       92%         2
 Ensorcelled Hibernation  Hex/Ice        0%         N/A       92%         2
 Mercury Vapours          Alch/Air       0%         N/A       92%         2
 Static Discharge         Conj/Air       0%         3-3/arc   92%         2
 Sublimation of Blood     Necr           0%         N/A       92%         2
 Confusing Touch          Hex            0%         N/A       99%         3
 Mephitic Cloud           Conj/Alch/Air  0%         N/A       99%         3
 Passwall                 Erth           0%         N/A       99%         3
 Swiftness                Air            0%         N/A       99%         3
 Vampiric Draining        Necr           0%         2d6       99%         3
 Volatile Blastmotes      Fire/Tloc      0%         2d10      99%         3
 Airstrike                Air            0%         2d(0-16)  100%        4
 Fulminant Prism          Conj/Alch      0%         3d5       100%        4
 Iskenderun's Mystic Bla Conj/Tloc 0%             2d3        (+2d1     100%        4
 Petrify                  Alch/Erth      0%         N/A       100%        4
 Summon Lightning Spire   Summ/Air       0%         N/A       100%        4
 Freezing Cloud           Conj/Ice/Air   0%         6-21      100%        5
 Irradiate                Conj/Alch      0%         3d11      100%        5


Dungeon Overview and Level Annotations

Branches:
Dungeon (11/15)            Temple (1/1) D:5            Lair (0/5) D:10
    Orc (2/2) D:9             Elf (0/3) Orc:2

Altars:
Ashenzari
Cheibriados
Dithmenos
Elyvilon
Fedhas
Gozag
Hepliaklqana
Kikubaaqudgha
Makhleb
Nemelex Xobeh
Okawaru
Qazlal
Ru
Sif Muna
Trog
Uskayaw
Vehumet
Wu Jian
Xom
Yredelemnul
Zin
The Shining One

Shops:
D:9 [   Orc:2 =[


Innate Abilities, Weirdness & Mutations

You have a pair of horns on your head.
You reflexively headbutt those who attack you in melee.
You are partially covered in iridescent scales. (AC +2)
Your spells are a little easier to cast, but a little less powerful.
You expend magic power (3 MP) to strengthen your wands.


Message History

Your headbutt misses the orc sorcerer.
The orc sorcerer is heavily wounded.
You completely miss the hellwing.
You hit the orc sorcerer but do no damage.
You hit the rust devil but do no damage.
The hellwing hits you.
The hellwing hits you but does no damage.
The rust devil hits you. The rust devil corrodes you!
You block the orc sorcerer's attack.
The orc sorcerer casts a spell.
The red devil hits you from afar with a +0 trident!
* * * LOW HITPOINT WARNING * * *
More barbed spikes become lodged in your body.
You barely miss the orc sorcerer.
The orc sorcerer is heavily wounded.
You hit the rust devil but do no damage.
You hit the hellwing but do no damage.
You hit the orc sorcerer but do no damage.
You hit the rust devil but do no damage.
The hellwing hits you.
* * * LOW HITPOINT WARNING * * *
You block the hellwing's attack. You block the rust devil's attack.
The orc sorcerer hits you but does no damage.
The orc sorcerer hits you with a +0 dagger!
* * * LOW HITPOINT WARNING * * *
The red devil hits you from afar with a +0 trident.
* * * LOW HITPOINT WARNING * * *
More barbed spikes become lodged in your body.
Unknown command.
Unknown command.
Unknown command.
Unknown command.
Blink to where?
Press: ? - help, Dir - move target
As you read the scroll of blinking, it crumbles to dust.
Okay, then.
The barbed spikes dig painfully into your body as you move.
* * * LOW HITPOINT WARNING * * *
The barbed spikes dig painfully into your body as you move.
You die...

###.###.4##{###....... .........#
..#....... ##ß###..# .#.......
#..# #.......
#.#######.)######.......
..........).............
........................
......#.#...####.#...............
...#.<..... #.@................
........... #..................
.......... ###.................
.........# ###.#.................
#........###.....................
#.......#.#..)....#...........)..
.....#.......#.....#.............
..).##..#.#...#....#.............
).......###....##..............†.


There were no monsters in sight!

Vanquished Creatures
  A fire dragon (D:9)
  A hydra (D:9)
  2 two-headed ogres
  An orc high priest (Orc:2)
  An orc knight (Orc:2)
  An ugly thing (D:9)
  2 orc sorcerers (Orc:2)
  A manticore (D:9)
  4 kobold blastminers
  Joseph (D:7)
  Jeremiah (D:7)
  An efreet (D:9)
  4 trolls
  A hornet (D:7)
  Prince Ribbit (D:9)
  Grinder (D:6)
  A wraith (D:10)
  2 shadows
  Eustachio (D:6)
  A wyvern (D:9)
  7 yaks
  A vampire mosquito (D:9)
  11 wargs
  5 steam dragons
  Menkaure (D:6)
  An acid dragon (D:11)
  4 water moccasins
  3 black bears
  14 orc warriors
  A sky beast (D:7)
  A wolf (D:10)
  3 ogres
  11 centaurs
  8 kobold brigands
  3 bullfrogs
  2 gnoll sergeants (D:9)
  3 scorpions
  2 killer bees (D:9)
  4 howler monkeys
  2 electric eels (D:10)
  2 bombardier beetles
  16 hounds
  5 jellies
  3 gnoll boudas
  13 orc priests
  Crazy Yiuf (D:2)
  4 iguanas
  Jessica (D:2)
  3 sleepcaps
  Natasha (thrice) (D:3)
  16 orc wizards
  Robin (D:4)
  14 gnolls
  6 adders
  2 shadow imps
  A white imp (D:6)
  2 ufetubi (D:6)
  4 dart slugs
  3 ribbon worms
  66 orcs
  7 endoplasms
  3 giant cockroaches
  5 hobgoblins
  3 jackals (D:1)
  28 kobolds
  6 quokkas
  9 ball pythons
  7 bats
  3 frilled lizards
  13 goblins
  5 rats
371 creatures vanquished.

Vanquished Creatures (others)
  An orc wizard (Orc:1)
  An orc (D:8)
2 creatures vanquished.

Grand Total: 373 creatures vanquished

Notes
Turn   | Place    | Note
-------+----------+-------------------------------------------
     0 | D:1      | redmage the Minotaur Fighter began the quest for the Orb.
     0 | D:1      | Reached XP level 1. HP: 19/19 MP: 0/0
   180 | D:1      | Reached XP level 2. HP: 26/27 MP: 1/1
   381 | D:1      | Found a faded altar of an unknown god.
   564 | D:1      | Reached XP level 3. HP: 29/33 MP: 2/2
  1249 | D:2      | Noticed Jessica
  1253 | D:2      | Reached XP level 4. HP: 35/40 MP: 3/3
  1257 | D:2      | Killed Jessica
  1555 | D:2      | Found a runed translucent door.
  1556 | D:2      | Noticed Crazy Yiuf
  1564 | D:2      | Killed Crazy Yiuf
  1624 | D:3      | Reached XP level 5. HP: 47/47 MP: 4/4
  1665 | D:3      | Noticed Natasha
  1673 | D:3      | Killed Natasha
  1779 | D:3      | Found an iron altar of Okawaru.
  1846 | D:3      | Reached skill level 5 in Shields
  1994 | D:3      | Noticed Natasha
  2001 | D:3      | Killed Natasha
  2002 | D:3      | Reached skill level 5 in Fighting
  2002 | D:3      | Reached skill level 5 in Armour
  2247 | D:3      | Noticed Natasha
  2250 | D:3      | Killed Natasha
  2251 | D:3      | Reached XP level 6. HP: 56/56 MP: 5/5
  2321 | D:4      | Noticed Robin
  2330 | D:4      | Killed Robin
  3042 | D:4      | Reached skill level 5 in Axes
  3055 | D:4      | Found a faded altar of an unknown god.
  3055 | D:4      | Found a radiant altar of Vehumet.
  3063 | D:4      | Found a faded altar of an unknown god.
  3065 | D:4      | Found a glowing silver altar of Zin.
  3067 | D:4      | Found a sacrificial altar of Ru.
  3108 | D:4      | Reached XP level 7. HP: 60/62 MP: 6/6
  3321 | D:5      | Entered Level 5 of the Dungeon
  3324 | D:5      | Found a staircase to the Ecumenical Temple.
  3346 | Temple   | Entered the Ecumenical Temple
  3870 | D:5      | Reached XP level 8. HP: 57/71 MP: 7/7
  4678 | D:6      | Noticed Eustachio
  4696 | D:6      | Gained mutation: You expend magic power (3 MP) to
                  | strengthen your wands. [potion of mutation]
  4696 | D:6      | Gained mutation: Your spells are a little easier to cast,
                  | but a little less powerful. [potion of mutation]
  4696 | D:6      | Gained mutation: You are partially covered in iridescent
                  | scales. (AC +2) [potion of mutation]
  4915 | D:6      | Killed Eustachio
  5088 | D:6      | Noticed Grinder
  5095 | D:6      | Paralysed by Grinder for 5 turns
  5105 | D:6      | Paralysed by Grinder for 2 turns
  5110 | D:6      | Killed Grinder
  5274 | D:6      | Reached XP level 9. HP: 77/81 MP: 8/8
  5692 | D:7      | Noticed Menkaure
  6457 | D:6      | Killed Menkaure
  6847 | D:7      | Identified the +2 falchion "Uzuessim" {drain, rN+ Int+3}
  6958 | D:7      | Reached XP level 10. HP: 38/91 MP: 9/9
  7291 | D:7      | Noticed Joseph
  7364 | D:7      | Killed Joseph
  7542 | D:7      | Noticed Jeremiah
  7589 | D:7      | Killed Jeremiah
  8505 | D:8      | Reached skill level 10 in Shields
  8598 | D:8      | Reached skill level 10 in Armour
  8677 | D:8      | Identified the +5 pair of gloves of Diogh {Will+ Int+4
                  | Dex-5}
  8719 | D:9      | Reached skill level 10 in Fighting
  8905 | D:9      | Noticed Prince Ribbit
  8927 | D:9      | Killed Prince Ribbit
  9162 | D:9      | Found a staircase to the Orcish Mines.
  9182 | D:9      | Reached skill level 10 in Axes
  9380 | D:9      | Reached skill level 1 in Long Blades
  9475 | D:9      | Noticed a two-headed ogre
  9483 | D:9      | Killed a two-headed ogre
  9499 | D:9      | You fall into a shaft and drop 2 floors!
  9509 | D:10     | Entered Level 10 of the Dungeon
  9773 | D:9      | Identified the +9 dagger of Soeton {speed, *Rage Dex+7}
  9795 | D:9      | Found Togam's Armour Shop.
  9846 | D:9      | Noticed a brown ugly thing
 10180 | D:9      | Noticed a five-headed hydra
 10188 | D:9      | Killed a one-headed hydra
 10189 | D:9      | Reached XP level 11. HP: 80/101 MP: 10/10
 10313 | D:9      | Killed a brown ugly thing
 10600 | Orc:1    | Entered Level 1 of the Orcish Mines
 10600 | Orc:1    | Noticed an orc warlord
 10689 | Orc:1    | Noticed an ettin
 11284 | D:10     | Reached skill level 5 in Long Blades
 11289 | D:10     | Upgraded the game from 0.32-a0-876-gcfddb08e57 to
                  | 0.32-a0-886-g41c5271027
 11439 | D:10     | Found a staircase to the Lair.
 12570 | D:9      | an orc warlord changed into a fire dragon
 12570 | D:9      | Noticed a fire dragon
 12863 | D:9      | Killed a fire dragon
 13869 | Orc:2    | Entered Level 2 of the Orcish Mines
 13869 | Orc:2    | Found Jaocs's Jewellery Shoppe.
 13870 | Orc:2    | Noticed an orc knight
 13886 | Orc:2    | Killed an orc knight
 13920 | Orc:2    | Bought an amulet of regeneration for 540 gold pieces
 14098 | Orc:2    | Found a staircase to the Elven Halls.
 14163 | Orc:2    | Noticed a two-headed ogre
 14179 | Orc:2    | Killed a two-headed ogre
 14307 | Orc:2    | Reached XP level 12. HP: 99/112 MP: 11/11
 14519 | Orc:2    | Became a worshipper of Beogh the Shepherd
 14522 | Orc:2    | Noticed an orc high priest
 14536 | Orc:2    | Killed an orc high priest
 14667 | Orc:2    | Found a radiant altar of Vehumet.
 14738 | Orc:2    | Noticed an orc high priest
 14784 | Orc:2    | Found Vuudiuf's Armour Shoppe.
 14788 | Orc:2    | Reached * piety under Beogh
 14814 | Orc:2    | Succumbed to barbed spike wounds

Illustrated notes

Levels and vault maps discovered:
D:1:      dpeg_arrival_boxes_within_box, layout_loops_corners,
          shapermc_ecumenical_altar_flowoftime, ebering_dispersal_statue_hall
D:2:      layout_rooms, uniq_jessica, uniq_crazy_yiuf_cottage
D:3:      layout_loops_ring, mainiacjoe_overflow_cross_hatched,
          kennysheep_generic_room_8, uniq_natasha
D:4:      layout_loops_cross, chequers_temple_overflow_minitemple, uniq_robin
D:5:      layout_loops_corners, minmay_temple_entry_stoned_glass,
          nzn_random_ring
D:6:      layout_loops_ring, uniq_grinder, uniq_eustachio
D:7:      cheibrodos_fzero, layout_basic, uniq_joseph, uniq_jeremiah,
          uniq_menkaure
D:8:      layout_loops_ring
D:9:      layout_loops_cross, kennysheep_orc_monster_closet_entryway,
          serial_shops, kennysheep_mini_moat, kennysheep_doodads, nrook_uturn,
          nicolae_doodle_vault, uniq_prince_ribbit1
D:10:     layout_cave_pods, erik_lair_island, centaur_isle
D:11:     layout_layer_cave, uniq_grum
Temple:   regret_index_temple_mists
Orc:1:    layout_diamond_mine
Orc:2:    st_orc_town, layout_caves, serial_shops, shop_coins, basic_altar

Skill      XL: |  1  2  3  4  5  6  7  8  9 10 11 12 |
---------------+-------------------------------------+-----
Fighting       | 4 5 6 7 9 10 12 | 12.6
Axes           | 3 4 5 6 7 9 10 11 | 11.7
Armour         | 4 5 6 7 9 10 12 | 12.7
Shields        | 4 5 6 8 9 11 12 | 12.7
Long Blades    | 3 6 |  6.1

Action                     |  1- 3 |  4- 6 |  7- 9 | 10-12 || total
---------------------------+-------+-------+-------+-------++-------
  Melee: War axe           |   125 |   138 |   287 |   722 ||  1272
         Headbutt          |    16 |    17 |    48 |   159 ||   240
         Unarmed           |       |     3 |       |       ||     3
         Scimitar          |       |       |       |     6 ||     6
  Throw: Dart              |       |       |       |     3 ||     3
 Invoke: Convert to Beogh  |       |       |       |     1 ||     1
  Evoke: Wand              |       |       |       |     1 ||     1
    Use: Scroll            |       |       |    13 |    13 ||    26
         Potion            |       |       |     5 |    12 ||    17
   Stab: Invisible         |       |       |       |     1 ||     1
 Armour: Scale mail        |   120 |    23 |       |       ||   143
         Chain mail        |       |    88 |    27 |   297 ||   412
         Plate armour      |       |       |   292 |   642 ||   934
  Dodge: Dodged            |    55 |    60 |    77 |   288 ||   480
  Block: Buckler           |    32 |    29 |    61 |   250 ||   372

Table legend: (Time is in decaauts)
 A = Elapsed time spent in this place.
 B = Non-inter-level travel time spent in this place.
 C = Inter-level travel time spent in this place.
 D = Time resting spent in this place.
 E = Time spent auto-exploring this place.
 F = Levels seen in this place.
 G = Mean time per level.
                   A        B        C        D        E       F      G
               +--------+--------+--------+--------+--------+-----+--------+
         Total |  15036 |  14471 |    565 |   2586 |   8724 |  14 | 1074.0 |
       Dungeon |  13591 |  13066 |    525 |   2357 |   7985 |  11 | 1235.5 |
        Temple |     20 |     11 |      9 |      0 |      0 |   1 |   20.0 |
  Orcish Mines |   1424 |   1393 |     31 |    229 |    739 |   2 |  712.0 |
               +--------+--------+--------+--------+--------+-----+--------+

Top non-repeatable levels by time:
     D:9: 2675 daAuts
     D:6: 2173 daAuts
     D:5: 1313 daAuts
     D:8: 1281 daAuts
     D:7: 1278 daAuts
    D:10: 1270 daAuts
     D:4: 1075 daAuts
     D:1: 928 daAuts
   Orc:2: 854 daAuts
     D:2: 727 daAuts
     D:3: 680 daAuts
   Orc:1: 570 daAuts
    D:11: 187 daAuts
  Temple: 20 daAuts
